[Event "*** Titled Tuesday 3|2 Blitz (Early)"]
[Site "Chess.com"]
[Date "2016.12.06"]
[Round "7"]
[White "Wilsonpalencia"]
[Black "VSERGUEI"]
[Result "0-1"]
[WhiteElo "2389"]
[BlackElo "2611"]
[TimeControl "180+2"]
[EndTime "12:28:36 PST"]
[Termination "VSERGUEI won by resignation"]

1. e4 e6 2. d4 d5 3. Nd2 Nf6 4. e5 Nfd7 5. c3 c5 6. f4 Nc6 7. Ndf3 Qb6 8. g3 a5 9. Ne2 a4 10. Bg2 a3 11. b3 cxd4 12. Nfxd4 Nxd4 13. Nxd4 Nb8 14. Be3 Nc6 15. b4 Nxd4 16. Bxd4 Qb5 17. Bf1 Qc6 18. Bd3 Be7 19. O-O O-O 20. Qe2 Bd7 21.
g4 f6 22. Rae1 fxe5 23. Qxe5 Bf6 24. Qh5 Bxd4+ 25. cxd4 h6 26. Qg6 0-1

[Event "*** Titled Tuesday 3|2 Blitz (Early)"]
[Site "Chess.com"]
[Date "2016.12.06"]
[Round "7"]
[White "platy3"]
[Black "Dlugy"]
[Result "0-1"]
[WhiteElo "2693"]
[BlackElo "2646"]
[TimeControl "180+2"]
[EndTime "12:28:55 PST"]
[Termination "Dlugy won by resignation"]

1. e4 c5 2. Nf3 d6 3. d4 cxd4 4.
Nxd4 Nf6 5. Nc3 Nc6 6. Bc4 e6 7. Bb3 Be7 8. Be3 O-O 9. Qe2 Qa5 10. O-O-O Nxd4 11. Bxd4 Bd7 12. Rd3 Bc6 13. Rg3 Rac8 14. Qd2 Kh8 15. Kb1 b5 16. Qg5 Rg8 17. f3 e5 18. Bf2 b4 19. Nd1 Ba4 20. Rh3 Bxb3 21. axb3 Rc6 22. Ne3 Ra6 23. Kc1 Qa1+ 24. Kd2 Qxh1 25. Ke2 h6 26. Nd5 Ra1 0-1

[Event "*** Titled Tuesday 3|2 Blitz (Early)"]
[Site "Chess.com"]
[Date "2016.12.06"]
[Round "7"]
[White "Kouzari"]
[Black "FearlessKing64"]
[Result "0-1"]
[WhiteElo "2448"]
[BlackElo "2000"]
[TimeControl "180+2"]
[EndTime "12:28:58 PST"]
[Termination "FearlessKing64 won by resignation"]

1. e4 c5 2. d4 cxd4 3. c3 g6 4.
Qxd4 Nf6 5. e5 Nc6 6. Qf4 Nd5 7.
Qe4 e6 8. Nf3 d6 9. Bg5 Qb6 10. b3 dxe5 11. Nxe5 Bg7 12. Nxc6 Qxc6 13.
Bd2 O-O 14. Bc4 b5 15. Bxd5 exd5 16. Qh4 Re8+ 17. Kf1 a5 18. a3 Bb7 19. Qg3 d4 20. cxd4 Qc2 21. Qc3 Qd1+ 0-1

[Event "*** Titled Tuesday 3|2 Blitz (Early)"]
[Site "Chess.com"]
[Date "2016.12.06"]
[Round "7"]
[White "Keaton87"]
[Black "rubhani"]
[Result "0-1"]
[WhiteElo "2457"]
[BlackElo "2412"]
[TimeControl "180+2"]
[EndTime "12:29:00 PST"]
[Termination "rubhani won by resignation"]

1. e4 c6 2. c4 d5 3. cxd5 cxd5 4. exd5 Nf6 5. Qa4+ Nbd7 6. Nc3 g6 7. Bc4 Bg7 8. Nf3 O-O 9. d3 a6 10. Qa3 Rb8 11. Bb3 b5 12. Ne4 b4 13. Qa4 Rb5 14. Bc4 Nb6 15. Qb3 Nxe4 16. Bxb5 Nc5 17. Qc2 Qxd5 18.
Bc4 Nxc4 19. dxc4 Nd3+ 20. Ke2 Qe4+ 21. Be3 Nf4+ 22. Kd2 Rd8+ 23. Kc1 Nd3+ 24. Kb1 Bf5 25. Nd2 Qxg2 26. Qd1 Nxf2+ 0-1

[Event "*** Titled Tuesday 3|2 Blitz (Early)"]
[Site "Chess.com"]
[Date "2016.12.06"]
[Round "7"]
[White "popov_m"]
[Black "RaphaeI"]
[Result "1-0"]
[WhiteElo "2305"]
[BlackElo "2246"]
[TimeControl "180+2"]
[EndTime "12:29:08 PST"]
[Termination "popov_m won by resignation"]

1. c4 Nf6 2. g3 e6 3. Bg2 d5 4.
Nf3 Be7 5. O-O O-O 6. Qc2 c5 7. d4 cxd4 8. Nxd4 e5 9. Nf3 Nc6 10. cxd5 Nxd5 11. Nc3 Nxc3 12. Qxc3 Bb4 13. Qc2 Qe7 14.
Be3 Be6 15. Ng5 g6 16. Nxe6 Qxe6 17. Rfd1 Rac8 18. Qa4 Qe7 19. h4 a6 20. Rac1 Nd4 21. Rxc8 Rxc8 22. Kf1 Ra8 23. a3 Rc8 24. Qxb4 Kf8 1-0

[Event "*** Titled Tuesday 3|2 Blitz (Early)"]
[Site "Chess.com"]
[Date "2016.12.06"]
[Round "7"]
[White "sorito"]
[Black "Grootneus"]
[Result "1-0"]
[WhiteElo "2365"]
[BlackElo "2084"]
[TimeControl "180+2"]
[EndTime "12:29:12 PST"]
[Termination "sorito won by resignation"]

1. b3 e5 2. Bb2 Nc6 3. e3 Nf6 4. Bb5 Bd6 5. Na3 a6 6. Bxc6 dxc6 7.
Nc4 Qe7 8. Ne2 O-O 9. O-O b5 10. Nxd6 cxd6 11. d3 Bg4 12. f3 Bh5 13. e4 d5 14. Ng3 Bg6 15. Kh1 Rad8 16. Qe2 Rfe8 17. Rae1 d4 18. f4 exf4 19. Rxf4 c5 20. Nf5 Bxf5 21.
Rxf5 Rd5 22. Rf3 Rh5 23. Rxf6 Qe5 24. Rf4 Rxh2+ 25. Kxh2 Qxf4+ 26. g3 Qh6+ 27. Kg2 Qg6 28. Qf3 h5 29. Rh1 Re6 30. Bc1 Rf6 31. Qxh5 Qxh5 32.
Rxh5 Rc6 33. Rd5 1-0

[Event "*** Titled Tuesday 3|2 Blitz (Early)"]
[Site "Chess.com"]
[Date "2016.12.06"]
[Round "7"]
[White "Enzy63"]
[Black "Wolverine_master"]
[Result "1/2-1/2"]
[WhiteElo "2021"]
[BlackElo "2032"]
[TimeControl "180+2"]
[EndTime "12:29:19 PST"]
[Termination "Game drawn by agreement"]

1. d4 Nf6 2. Nf3 e6 3. c4 d5 4. g3 Be7 5. Bg2 O-O 6. O-O dxc4 7. Qc2 a6 8. a4 Nc6 9. Qxc4 Qd5 10. Nbd2 Qxc4 11.
Nxc4 Rd8 12. Rd1 Bd7 13. Nfe5 Rac8 14. Nxc6 Bxc6 15. Bxc6 bxc6 16. Ne5 c5 17. Nc6 Re8 18. Nxe7+ Rxe7 19. dxc5 Rb8 20. Bg5 h6 21. Bxf6 gxf6 22. Rd2 Rb4 23. Rd8+ Kg7 24. Ra8 Rxb2 25. Rxa6 Rxe2 26.
Rc6 Rd7 27. a5 Rdd2 28. Rf1 Ra2 29. a6 Rec2 30. Kg2 Rc3 31. Rxc7 Rxa6 32. Rb1 Ra5 33. c6 Rac5 34. Rbb7 Rxc6 35. Rxf7+ Kg6 36. Rg7+ Kf5 37. Rb5+ R6c5 38. Rxc5+ Rxc5 39. Rh7 1/2-1/2

[Event "*** Titled Tuesday 3|2 Blitz (Early)"]
[Site "Chess.com"]
[Date "2016.12.06"]
[Round "7"]
[White "biostatistician"]
[Black "Astaneh"]
[Result "1-0"]
[WhiteElo "2480"]
[BlackElo "2457"]
[TimeControl "180+2"]
[EndTime "12:29:32 PST"]
[Termination "biostatistician won on time"]

1. d4 Nf6 2. Nf3 g6 3. c4 Bg7 4. Nc3 d5 5. cxd5 Nxd5 6. e4 Nxc3 7. bxc3 c5 8. Be3 Qa5 9. Qd2 O-O 10. Rc1 Bg4 11. Ng5 cxd4 12. cxd4 Qxd2+ 13. Kxd2 Rd8 14. h3 Bd7 15. Rc7 Nc6 16. d5 Na5 17. Bd3 b6 18. f4 e5 19. dxe6 Bb5 20. exf7+ Kh8 21.
f8=Q+ Bxf8 22. Nf7+ Kg8 23. Nxd8 Rxd8 24. Rc3 Bb4 25. Ke2 Bd6 26. Bxb5 1-0

[Event "*** Titled Tuesday 3|2 Blitz (Early)"]
[Site "Chess.com"]
[Date "2016.12.06"]
[Round "7"]
[White "Ar4uha"]
[Black "SmoothAsAHedgehog"]
[Result "1-0"]
[WhiteElo "2461"]
[BlackElo "2486"]
[TimeControl "180+2"]
[EndTime "12:29:32 PST"]
[Termination "Ar4uha won by resignation"]

1. e4 e5 2. Nf3 Nc6 3. d4 exd4 4. Nxd4 Nf6 5. Nxc6 bxc6 6. e5 Qe7 7.
Qe2 Nd5 8. c4 Nb6 9. Nc3 Bb7 10.
f4 g6 11. g3 c5 12. Bg2 Bxg2 13. Qxg2 Bg7 14. O-O O-O 15. Nd5 Nxd5 16. Qxd5 d6 17. Be3 Qe6 18. Rad1 Qxd5 19. Rxd5 Rfe8 20. b3 a5 21. Bf2 dxe5 22. Bxc5 exf4 23. Rxf4 a4 24. b4 f5 25. Rf2 Re4 26. Rd7 Rxc4 27. Re2 Bf6 28.
Re6 Rd8 29. Rxd8+ Bxd8 30. Re8+ Kf7 31. Rxd8 Rc1+ 32. Kg2 Rc2+ 33. Bf2 Rxa2 34. Rd7+ Ke6 35. Rxc7 Rb2 36. Rb7 a3 37. Ra7 a2 38. b5 h5 39.
b6 g5 40. b7 h4 41. gxh4 gxh4 42. Rxa2 Rxb7 43. Bxh4 Rg7+ 44. Kf3 Rh7 45. Ra6+ Kd5 46. Bg3 Rh5 47. Kf4 Kd4 48. Rf6 Rh8 49. Rxf5 Kd3 50. h4 Rg8 51. h5 Kd4 52. h6 Kd3 53. h7 Rh8 54. Rf7 Kd2 55. Kf5 Kd1 56. Be5 Rxh7 57.
Rxh7 1-0

[Event "*** Titled Tuesday 3|2 Blitz (Early)"]
[Site "Chess.com"]
[Date "2016.12.06"]
[Round "7"]
[White "Apocalyps999"]
[Black "fireheart92"]
[Result "0-1"]
[WhiteElo "2375"]
[BlackElo "2551"]
[TimeControl "180+2"]
[EndTime "12:29:35 PST"]
[Termination "fireheart92 won by resignation"]

1. e4 e5 2. Nf3 Nc6 3. Bc4 Nf6 4.
d3 Be7 5. O-O O-O 6. c3 d6 7.
Bb3 Kh8 8. Nbd2 Ng8 9. d4 exd4 10. cxd4 f5 11. e5 d5 12. Re1 Be6 13. Nf1 g5 14. h3 Nh6 15. Ng3 f4 16. Nh5 g4 17.
hxg4 Bxg4 18. Nxf4 Nf5 19. Bxd5 Ncxd4 20. Be4 Qe8 21. Qd3 Rd8 22. Nxd4 Rxd4 23. Qc2 Bb4 24. Rf1 Qxe5 25. f3 Ng3 26. Be3 Nxf1 27. Rxf1 Rxf4 28.
Qf2 Rdxe4 29. Bxf4 Rxf4 30. Qh4 Bc5+ 0-1

[Event "*** Titled Tuesday 3|2 Blitz (Early)"]
[Site "Chess.com"]
[Date "2016.12.06"]
[Round "7"]
[White "Divertissement"]
[Black "ftorodent"]
[Result "1/2-1/2"]
[WhiteElo "2437"]
[BlackElo "2489"]
[TimeControl "180+2"]
[EndTime "12:29:39 PST"]
[Termination "Game drawn by agreement"]

1. Nf3 d5 2. g3 c6 3. Bg2 Bg4 4. O-O Nd7 5. d4 Ngf6 6. Nbd2 e6 7. c4 Be7 8. b3 O-O 9. Bb2 h6 10. h3 Bf5 11. Qc1 a5 12. a3 Ne4 13. Nxe4 Bxe4 14.
Nd2 Bxg2 15. Kxg2 Nf6 16. Qc2 b5 17. c5 Qd7 18. Nf3 Bd8 19. Ne5 Qb7 20. Bc1 Nd7 21.
Nd3 Bf6 22. Bb2 Rfe8 23. f4 g6 24. Ne5 Bg7 25. e3 Nf6 26. Rae1 Ne4 27. Nf3 Qd7 28.
Nd2 Nf6 29. Nf3 Rad8 30. Re2 Qb7 31. g4 h5 32. g5 Ne4 33. Nd2 Nxd2 34. Rxd2 Kh7 35.
h4 f6 36. gxf6 Bxf6 37. Kh3 Qf7 38. Rg2 Rg8 39. Rfg1 Be7 40. Bc3 Qf5+ 41. Qxf5 exf5 42. Bxa5 Ra8 43. b4 Bf6 44. Ra1 Rge8 45. Rg3 Bd8 46. Bxd8 Rexd8 47. Rg2 Re8 48. Re2 Ra4 49. Kg3 Kg7 50.
Kf3 Kf7 51. Rg2 Re6 52. Rga2 1/2-1/2

[Event "*** Titled Tuesday 3|2 Blitz (Early)"]
[Site "Chess.com"]
[Date "2016.12.06"]
[Round "7"]
[White "Schemato"]
[Black "FrankieJay"]
[Result "1-0"]
[WhiteElo "2308"]
[BlackElo "2206"]
[TimeControl "180+2"]
[EndTime "12:29:47 PST"]
[Termination "Schemato won by resignation"]

1. c4 Nf6 2. Nc3 g6 3. g3 Bg7 4.
Bg2 O-O 5. e4 c5 6. Nge2 Nc6 7.
O-O d6 8. d3 a6 9. h3 Rb8 10.
a4 Nd4 11. Rb1 Ne8 12. b4 Nc7 13. f4 Nce6 14. f5 Nxe2+ 15. Nxe2 Nd4 16. Nxd4 Bxd4+ 17. Kh1 e6 18. Bh6 Re8 19. g4 Qh4 20. Qd2 exf5 21. Bg5 Qg3 22. Rf3 Qe5 23. exf5 Bc3 24. Qf2 Bd7 25.
b5 axb5 26. axb5 Qg7 27. f6 Qh8 28. Bh6 Bd4 29. Qh4 Bxf6 30. Qxf6 Qxf6 31. Rxf6 1-0

[Event "*** Titled Tuesday 3|2 Blitz (Early)"]
[Site "Chess.com"]
[Date "2016.12.06"]
[Round "7"]
[White "Peroncio"]
[Black "RitvarsReimanis"]
[Result "1-0"]
[WhiteElo "2516"]
[BlackElo "2403"]
[TimeControl "180+2"]
[EndTime "12:30:07 PST"]
[Termination "Peroncio won by resignation"]

1. d4 Nf6 2. Bg5 e6 3. e4 h6 4. Bxf6 Qxf6 5. c3 c5 6. Nf3 cxd4 7. cxd4 Nc6 8. Nc3 Bb4 9. Rc1 O-O 10. a3 Ba5 11. b4 Bb6 12. e5 Qe7 13. Ne4 f5 14. Nd6 Qd8 15. Bc4 a6 16. d5 exd5 17. Bxd5+ Kh7 18. O-O Bc7 19. Ba2 Bxd6 20. exd6 b5 21. Qd3 Bb7 22. Rfe1 Qf6 23. Re3 a5 24. Qxb5 Ba6 25.
Qc5 axb4 26. axb4 Rfb8 27. Bb1 Rxb4 28. Bxf5+ Kh8 29. Bxd7 Qb2 30. Bxc6 Rd8 31. d7 Rb6 32. Re8+ 1-0

[Event "*** Titled Tuesday 3|2 Blitz (Early)"]
[Site "Chess.com"]
[Date "2016.12.06"]
[Round "7"]
[White "Cecile_Haussernot"]
[Black "JohanSalomon"]
[Result "1-0"]
[WhiteElo "2277"]
[BlackElo "2375"]
[TimeControl "180+2"]
[EndTime "12:30:11 PST"]
[Termination "Cecile_Haussernot won by resignation"]

1. e4 c5 2. Nf3 d6 3. d4 cxd4 4.
Nxd4 Nf6 5. Nc3 a6 6. h3 e6 7. g4 h6 8. Bg2 Be7 9. O-O Nc6 10. Be3 O-O 11. Qe2 Nxd4 12. Bxd4 e5 13. Be3 Be6 14. f4 exf4 15. Bxf4 Nd7 16. Rad1 Qb6+ 17. Qe3 Qxe3+ 18. Bxe3 Rfb8 19. Bf4 Ne5 20. Nd5 Bd8 21. Bxe5 dxe5 22. c4 Rc8 23. b3 b5 24. Rc1 Bg5 25. Rc2 Kh7 26. Kf2 Rab8 27. Kg3 Rc5 28. h4 Bd8 29.
Nb4 Ra8 30. Nd3 Rcc8 31. c5 a5 32. c6 Bb6 33. g5 Bd4 34. Bh3 Bxh3 35. Kxh3 hxg5 36.
Rxf7 Ra6 37. c7 Rh6 38. Kg4 gxh4 39. Rd7 h3 40. Rd8 Rxc7 41. Rxc7 h2 42. Rxd4 h1=Q 43. Nxe5 Qg1+ 44. Kf5 Qg4+ 45. Nxg4 1-0

[Event "*** Titled Tuesday 3|2 Blitz (Early)"]
[Site "Chess.com"]
[Date "2016.12.06"]
[Round "7"]
[White "Rating-Schmating"]
[Black "saraswathii"]
[Result "0-1"]
[WhiteElo "2216"]
[BlackElo "2209"]
[TimeControl "180+2"]
[EndTime "12:30:37 PST"]
[Termination "saraswathii won by resignation"]

1. e4 c5 2. Nf3 e6 3. d4 cxd4 4. Nxd4 Nf6 5. Nc3 Nc6 6. Nxc6 bxc6 7. Bd3 Bb4 8. Bd2 d5 9. exd5 exd5 10. O-O O-O 11. a3 Bd6 12. h3 h6 13. Ne2 c5 14.
c3 Nh5 15. Qc2 Qf6 16. b3 Re8 17. f4 c4 18. bxc4 dxc4 19. Be4 Bf5 20. Bxf5 Rxe2 21.
Bg4 Bc5+ 22. Kh2 Rxd2 23. Qxd2 Qh4 24. Bxh5 Qxh5 25. Rad1 Rc8 26. Qd5 Qg6 27. f5 Qf6 28. Rfe1 Qxc3 29. Qd7 Rf8 30. Rc1 Qa5 31. Re8 Qxa3 32.
Rxf8+ Bxf8 33. Rxc4 Bd6+ 34. Kg1 Qe3+ 35. Kf1 Qd3+ 36. Kg1 Bc5+ 37. Rxc5 Qxd7 38. Rc2 Qxf5 39. Rc8+ Qxc8 0-1

[Event "*** Titled Tuesday 3|2 Blitz (Early)"]
[Site "Chess.com"]
[Date "2016.12.06"]
[Round "7"]
[White "Evgeny_Levin"]
[Black "DanielNaroditsky"]
[Result "1-0"]
[WhiteElo "2740"]
[BlackElo "2701"]
[TimeControl "180+2"]
[EndTime "12:30:45 PST"]
[Termination "Evgeny_Levin won by resignation"]

1. d4 Nf6 2. c4 e6 3. Nf3 d5 4.
Nc3 Bb4 5. Bg5 Nbd7 6. e3 h6 7. Bh4 c5 8. cxd5 exd5 9. Qc2 O-O 10. Be2 g5 11. Bg3 Ne4 12. O-O Bxc3 13. bxc3 c4 14. Nd2 Nxd2 15. Qxd2 Nf6 16. f3 Bf5 17. Rae1 b5 18. h4 Bg6 19. hxg5 hxg5 20. Bd1 Bd3 21. Rf2 Nh5 22. Bh2 f5 23. Be5 Qe8 24. g4 fxg4 25. fxg4 Ng7 26. Rh2 Qg6 27. Qg2 Be4 28.
Bc2 Bxc2 29. Qxd5+ Qe6 30. Rh8+ Kf7 31. Qb7+ Qe7 32. Rf1+ Bf5 33. Rxf5+ Nxf5 34. Rh7+ Ke6 35. gxf5+ 1-0

[Event "*** Titled Tuesday 3|2 Blitz (Early)"]
[Site "Chess.com"]
[Date "2016.12.06"]
[Round "7"]
[White "Sethu0025"]
[Black "Keranke"]
[Result "0-1"]
[WhiteElo "2608"]
[BlackElo "2623"]
[TimeControl "180+2"]
[EndTime "12:30:57 PST"]
[Termination "Keranke won by resignation"]

1. e4 c5 2. Nf3 d6 3. d4 cxd4 4.
Nxd4 Nf6 5. Nc3 g6 6. Be3 Bg7 7. f3 O-O 8. Qd2 Nc6 9. Bc4 Bd7 10. h4 h5 11. Bb3 Rc8 12. Nxc6 bxc6 13. O-O-O c5 14. Bc4 Rb8 15. g4 Rb4 16. Qe2 Qa5 17.
Bd2 Rfb8 18. b3 hxg4 19. h5 Nxh5 20. Rdg1 gxf3 21. Qxf3 Rxc4 22. bxc4 Qa3+ 23. Kd1 Nf6 24. Ke2 Rb2 25. Qd3 Ng4 26. Rb1 Ne5 27. Qd5 Bc6 28. Rxb2 Qxb2 29. Rb1 Qxc2 30. Rb8+ Kh7 0-1

[Event "*** Titled Tuesday 3|2 Blitz (Early)"]
[Site "Chess.com"]
[Date "2016.12.06"]
[Round "7"]
[White "stefanodinn"]
[Black "Zhani-Z"]
[Result "0-1"]
[WhiteElo "2184"]
[BlackElo "2282"]
[TimeControl "180+2"]
[EndTime "12:31:00 PST"]
[Termination "Zhani-Z won on time"]

1. e4 c5 2. Nf3 d6 3. d4 cxd4 4. Nxd4 Nf6 5. f3 Nc6 6. c4 Nxd4 7. Qxd4 g6 8. Nc3 Bg7 9. Be3 O-O 10. Qd2 a5 11. Be2 a4 12. O-O Be6 13. Rac1 Qa5 14. Rfd1 Rfc8 15. Nb5 Qxd2 16. Rxd2 Nd7 17. Nd4 Nc5 18.
Nxe6 fxe6 19. Kf2 a3 20. b4 Nb3 21. axb3 a2 22. c5 dxc5 23. bxc5 a1=Q 24. Rxa1 Rxa1 25. Bc4 Kf7 26. Rd7 Ra2+ 27. Kg3 Be5+ 28. f4 Rc7 29. Rd8 Bf6 30. f5 gxf5 31. exf5 Kg7 32. Bxe6 h6 33.
Kh3 Kh7 34. g4 b6 0-1

[Event "*** Titled Tuesday 3|2 Blitz (Early)"]
[Site "Chess.com"]
[Date "2016.12.06"]
[Round "7"]
[White "Vrolijk"]
[Black "jncool68"]
[Result "1-0"]
[WhiteElo "2232"]
[BlackElo "2495"]
[TimeControl "180+2"]
[EndTime "12:31:05 PST"]
[Termination "Vrolijk won by resignation"]

1. d4 Nf6 2. c4 e6 3. Nf3 Bb4+ 4.
Nbd2 O-O 5. a3 Be7 6. e4 d6 7. Be2 e5 8. O-O exd4 9. Nxd4 Nfd7 10. Nb1 Bf6 11. Nc3 Nc6 12. Be3 Re8 13. Rc1 Nc5 14. f3 Ne6 15. Nf5 g6 16. Nh6+ Kg7 17. Ng4 Bd4 18. Qd2 Qg5 19. Bxd4+ Ncxd4 20. Qxg5 Nxg5 21. Ne3 c5 22. Kf2 Nge6 23. Rfd1 Bd7 24. Ncd5 Rac8 25. Bf1 Bc6 26. Nc3 a6 27. Ne2 b5 28. Nxd4 Nxd4 29.
Nc2 Nb3 30. Rb1 Re6 31. Ne3 Nd4 32. b4 f5 33. exf5 gxf5 34. Rxd4 cxd4 35. Nxf5+ Kf8 36.
Nxd4 Rh6 37. cxb5 axb5 38. Rc1 Bd7 39. Rxc8+ Bxc8 40. Nxb5 Ke7 41. h3 Kd7 42. Nd4 Rh5 43. Bc4 Kc7 44. f4 Bb7 45. f5 Rh6 46. Be6 Be4 47.
Kg3 Rf6 48. Bb3 d5 49. Kf4 Bxg2 50. Ke5 Ra6 51. f6 Kd7 52. a4 Bxh3 53. Bxd5 Rxa4 54. Bc6+ Kd8 55. Bxa4 h5 56. Nf5 Bf1 57. f7 1-0

[Event "*** Titled Tuesday 3|2 Blitz (Early)"]
[Site "Chess.com"]
[Date "2016.12.06"]
[Round "7"]
[White "renanreis"]
[Black "PowerThinking2650"]
[Result "0-1"]
[WhiteElo "2004"]
[BlackElo "2140"]
[TimeControl "180+2"]
[EndTime "12:31:31 PST"]
[Termination "PowerThinking2650 won on time"]

1. e4 e6 2. d4 d5 3. Nc3 Nf6 4. Bg5 dxe4 5. Nxe4 Nbd7 6. Nxf6+ Nxf6 7. Nf3 Be7 8. Bd3 b6 9. Ne5 O-O 10. Nc6 Qd6 11.
Nxe7+ Qxe7 12. Qf3 Bd7 13. O-O h6 14. Bxf6 Qxf6 15.
Qxf6 gxf6 16. Rfe1 f5 17. Rad1 Bc6 18. f3 Rfd8 19. c3 Kg7 20. Kf2 Kf6 21. Bc2 a5 22.
Re5 a4 23. Rde1 a3 24. b3 h5 25. Bd3 h4 26. Bc4 Bb7 27. g4 hxg3+ 28. hxg3 Rh8 29. Kg2 Rag8 30. Bd3 f4 31. g4 Rxg4+ 32. Kf1 Bxf3 33. Be4 Rh1+ 34. Kf2 Rxe1 35. Bxf3 Reg1 36. Bxg4 Rxg4 37. Rb5 Rh4 38. Kg2 f3+ 39. Kxf3 Rh2 40. d5 exd5 41. Rxd5 Rxa2 42. Rd7 Ra1 43. Rxc7 a2 44. Ra7 Rf1+ 45.
Ke2 a1=Q 0-1

[Event "*** Titled Tuesday 3|2 Blitz (Early)"]
[Site "Chess.com"]
[Date "2016.12.06"]
[Round "7"]
[White "Andrejkin"]
[Black "MyleneFarmer"]
[Result "0-1"]
[WhiteElo "2183"]
[BlackElo "2374"]
[TimeControl "180+2"]
[EndTime "12:31:33 PST"]
[Termination "MyleneFarmer won by resignation"]

1. e4 c5 2. Nf3 d6 3. d4 cxd4 4.
Nxd4 Nf6 5. Nc3 g6 6. f3 Bg7 7. Be3 O-O 8. Qd2 Nc6 9. O-O-O d5 10. Kb1 Nxd4 11. e5 Nf5 12. exf6 exf6 13. Nxd5 Be6 14.
Bc4 Nxe3 15. Qxe3 f5 16. c3 Qh4 17. Bb3 Rfd8 18. Nc7 Bxb3 19. axb3 Rac8 20. Rxd8+ Qxd8 21. Nb5 a6 22. Nd4 Qd5 23. Rd1 Bxd4 24. Rxd4 Qxb3 25. Rb4 Qd1+ 26. Ka2 b5 27. g4 a5 28. Rd4 Qc2 29. gxf5 b4 30. fxg6 hxg6 31. cxb4 axb4 32. Qe4 b3+ 33. Ka3 Qxh2 34. Qb7 Rb8 35. Qc6 Qg1 36.
Rd8+ Rxd8 37. Kxb3 Qe3+ 38. Ka2 Qe6+ 39. Kb1 Qxc6 0-1

[Event "*** Titled Tuesday 3|2 Blitz (Early)"]
[Site "Chess.com"]
[Date "2016.12.06"]
[Round "7"]
[White "viktorskliarov"]
[Black "Alexander_Moskalenko"]
[Result "1-0"]
[WhiteElo "2461"]
[BlackElo "2630"]
[TimeControl "180+2"]
[EndTime "12:31:43 PST"]
[Termination "viktorskliarov won by checkmate"]

1. e4 e5 2. Nc3 Nf6 3. Bc4 Nc6 4. d3 Na5 5. Nge2 Nxc4 6. dxc4 d6 7. Ng3 Be7 8. O-O O-O 9. Qd3 c6 10. a3 a5 11. Bg5 Be6 12. Rad1 Ne8 13. Bxe7 Qxe7 14.
Nf5 Qc7 15. Nxd6 Nxd6 16. Qxd6 Qxd6 17. Rxd6 Bxc4 18. Rfd1 Be6 19. Na4 Rae8 20. Nc5 Re7 21. Nxe6 fxe6 22. Rd7 Kf7 23. f3 Rc8 24. Kf2 Ke8 25.
R7d6 Kf7 26. Ke3 g6 27. R1d3 a4 28. Rc3 Kf6 29. Rc5 Ra8 30. Rc4 g5 31. Rb4 h5 32. Rc4 Rc7 33. Rc3 Ke7 34. Rcd3 Rf8 35. h3 Rg8 36. c4 b6 37. Rd1 Ra8 38. R6d2 Ra5 39. Rd8 Rc5 40. Rh8 Kf6 41. Rh6+ Kg7 42. Rxe6 Rxc4 43. Rxe5 Rc2 44. Rxg5+ Kh6 45. h4 Rxb2 46.
Rd6+ Kh7 47. Rxh5+ Kg7 48. Rg5+ Kh7 49. Rh5+ Kg7 50. Rg5+ Kh8 51. Rh6+ Rh7 52. Rxc6 Rb3+ 53. Kf4 Rxh4+ 54. Kg3 Rxe4 55. Rh6# 1-0

[Event "*** Titled Tuesday 3|2 Blitz (Early)"]
[Site "Chess.com"]
[Date "2016.12.06"]
[Round "7"]
[White "Generalas"]
[Black "Lector118"]
[Result "0-1"]
[WhiteElo "2201"]
[BlackElo "2335"]
[TimeControl "180+2"]
[EndTime "12:31:45 PST"]
[Termination "Lector118 won on time"]

1. Nf3 d5 2. c4 c6 3. b3 dxc4 4.
bxc4 e5 5. Bb2 e4 6. Ng1 Nf6 7.
Nc3 Bd6 8. Qc2 Qe7 9. g3 O-O 10. Bg2 Bf5 11. e3 Nbd7 12. Nge2 Nc5 13. O-O Bg6 14. Nf4 Bxf4 15. exf4 Rfe8 16. Ba3 b6 17.
Rae1 e3 18. f5 exf2+ 19. Kxf2 Qd7 20. Bxc5 Bxf5 21. Ne4 Nxe4+ 22. Bxe4 Bxe4 23. Rxe4 Rxe4 24. Qxe4 Qxd2+ 25. Kg1 bxc5 26. Qxc6 Qd4+ 27. Rf2 Rd8 28. Qc7 Rf8 29. Qxa7 Qxc4 30. a4 Qd5 31. Qb6 Qd1+ 32. Kg2 Qxa4 33. Qxc5 Qe4+ 34. Kh3 g6 35. Qg5 h5 36. Qf4 Qd5 37. Rd2 Qb7 38. Rd6 Ra8 39. Qd4 Qc8+ 40. Kh4 Qe8 41. Rd7 Qe6 42. Kg5 Kh7 43. Rd6 Qf5+ 44. Kh4 Re8 0-1

[Event "*** Titled Tuesday 3|2 Blitz (Early)"]
[Site "Chess.com"]
[Date "2016.12.06"]
[Round "7"]
[White "calemcc"]
[Black "Nachsueb"]
[Result "0-1"]
[WhiteElo "2099"]
[BlackElo "2105"]
[TimeControl "180+2"]
[EndTime "12:31:51 PST"]
[Termination "Nachsueb won by checkmate"]

1. d4 Nf6 2. c4 g6 3. f3 c5 4. d5 e6 5. e4 exd5 6. cxd5 d6 7. Nc3 Bg7 8. Bg5 O-O 9. Qd2 Nbd7 10. h4 Qe8 11. O-O-O a6 12. Bh6 b5 13. h5 Nxh5 14. Rxh5 gxh5 15. Bd3 Qe5 16. Nge2 c4 17.
Bb1 b4 18. Na4 Nc5 19. Nxc5 dxc5 20. Bxg7 Qxg7 21. Nf4 c3 22. bxc3 bxc3 23. Qe3 Rb8 24. Nxh5 c2 25. Bxc2 Qb2+ 26. Kd2 Qd4+ 27. Qxd4 cxd4 28.
e5 Rd8 29. Be4 Rb2+ 30. Kd3 Rxa2 31. Kxd4 Rxg2 32. Rc1 Bb7 33. Nf4 Rd2+ 34. Ke3 Rb2 35. Rc7 a5 36. e6 fxe6 37. Nxe6 Rxd5 38. Rg7+ Kh8 39. Rxh7+ Kg8 40. Rg7+ Kh8 41. Rxb7 Rxb7 42. Bxd5 Rb5 43. Kd4 a4 44. Nc5 a3 45. Na4 Rb4+ 46.
Kc3 Rxa4 47. Kb3 a2 48. Kxa4 a1=Q+ 49. Kb5 Qe5 50. Kc4 Kg7 51. Be4 Kf6 52. Kd3 Ke7 53. Kc4 Kd6 54. Kb4 Qd4+ 55. Kb3 Kc5 56. Kc2 Kb4 57. Kc1 Kc3 58. Kb1 Qd1+ 59. Ka2 Qa4+ 60. Kb1 Qb4+ 61. Kc1 Qb2+ 62. Kd1 Qd2# 0-1

[Event "*** Titled Tuesday 3|2 Blitz (Early)"]
[Site "Chess.com"]
[Date "2016.12.06"]
[Round "7"]
[White "Tesla37"]
[Black "Harbuzi01"]
[Result "1/2-1/2"]
[WhiteElo "2609"]
[BlackElo "2692"]
[TimeControl "180+2"]
[EndTime "12:32:00 PST"]
[Termination "Game drawn by repetition"]

1. e4 e5 2. Nf3 Nc6 3. Bc4 Be7 4. O-O Nf6 5. d4 d6 6. Re1 Bg4 7.
c3 Bxf3 8. gxf3 O-O 9. Bb3 Nh5 10.
f4 Nxf4 11. Bxf4 exf4 12. Qg4 Na5 13. Bc2 Bg5 14. Nd2 Bh6 15. Nf3 Nc6 16. Kh1 Ne7 17.
Nh4 Qc8 18. Qg2 g6 19. Bb3 Kh8 20. e5 dxe5 21. Rxe5 Nc6 22. Re4 Bg7 23. Rae1 Na5 24. Rxf4 Nxb3 25. axb3 Qd7 26. Rfe4 c6 27. Re7 Qd8 28.
Nf3 Qb6 29. b4 Bf6 30. R7e2 a5 31. bxa5 Rxa5 32. Qg4 Rf5 33. Kg2 c5 34. dxc5 Rxc5 35. Qd7 Kg7 36. Nd4 Rd8 37. Qa4 Rg5+ 38. Kf1 Bxd4 39. cxd4 Rxd4 40. Qa3 Rdg4 41. Qc3+ Kh6 42. Qh3+ Kg7 43. Qc3+ Kh6 44. Qh3+ Kg7 45. Qc3+ Kh6 1/2-1/2

[Event "*** Titled Tuesday 3|2 Blitz (Early)"]
[Site "Chess.com"]
[Date "2016.12.06"]
[Round "7"]
[White "Genghis_K"]
[Black "Gabrielian_Artur"]
[Result "1-0"]
[WhiteElo "2682"]
[BlackElo "2590"]
[TimeControl "180+2"]
[EndTime "12:32:00 PST"]
[Termination "Genghis_K won by resignation"]

1. d4 Nf6 2. Bf4 g6 3. e3 Bg7 4. Nf3 O-O 5. h3 d6 6. Be2 b6 7. O-O Bb7 8. a4 Nc6 9. c3 Re8 10. Bh2 e5 11. Na3 exd4 12. cxd4 a6 13. Rc1 Qe7 14. Nd2 Nb4 15. Bf3 Bxf3 16. Nxf3 a5 17. Nb5 Rac8 18. Rxc7 Rxc7 19. Bxd6 Qd7 20. Bxc7 Nfd5 21.
Be5 f6 22. Bg3 Bf8 23. Re1 Qf5 24. Nc3 Qd7 25. e4 Ne7 26. d5 Nc8 27. Nd4 Bc5 28.
Ndb5 Ne7 29. Nc7 Rc8 30. Ne6 Bd6 31. Qf3 Bxg3 32. Qxg3 Rc4 33. Qb8+ Nc8 34. Qg3 Nd6 35. f3 Nd3 36. Re2 Rb4 37. Qh4 Qe7 38. Qh6 Ne8 39. Qe3 Nxb2 40. f4 Nc4 41. Qf3 Rb3 42. e5 Qb4 43. d6 Qxc3 44. Qxc3 Rxc3 45. d7 Rc1+ 46. Kh2 1-0